 Dungeon Crawl Stone Soup version 0.27-a0-1321-gd358eaa319 (webtiles) character file.

Game seed: 8334684634220515370

2384 Delamore the Spear-Bearer (level 9, -1/68 HPs)
             Began as a Formicid Fighter on June 22, 2021.
             Was an Initiate of Gozag.
             Succumbed to a killer bee's poison
             ... on level 10 of the Dungeon.
             The game lasted 00:06:17 (8635 turns).

Delamore the Spear-Bearer (Formicid Fighter)        Turns: 8635, Time: 00:06:18

Health: -1/68      AC: 10    Str: 24    XL:     9   Next: 73%
Magic:  3/9        EV:  6    Int:  8    God:    Gozag
Gold:   449        SH: 10    Dex: 10    Spells: 8/8 levels left

rFire    . . .     SeeInvis +   a - +1 trident
rCold    . . .     Faith    .   c - +1 kite shield
rNeg     . . .     Spirit   +   f - +0 chain mail
rPois    .         Reflect  .   (helmet unavailable)
rElec    .         Harm     .   (no cloak)
rCorr    .         Rampage  .   (no gloves)
Will     .....                  v - +0 pair of boots
Stlth    ..........             l - amulet of guardian spirit
HPRegen  0.21/turn              (no ring)
MPRegen  0.11/turn              (no ring)

@: lethally poisoned (-1 -> -9), gold aura
A: permanent stasis, dig shafts and tunnels, antennae 3, four strong arms
a: Dig, Shaft Self, Renounce Religion, Potion Petition, Call Merchant, Bribe
Branch


You were on level 10 of the Dungeon.
You worshipped Gozag.
Gozag was aware of your devotion.
You visited 2 branches of the dungeon, and saw 11 of its levels.

You collected 543 gold pieces.
You paid 94 gold pieces to Gozag.

Inventory:

Hand Weapons
 a - a +1 trident (weapon)
Missiles
 e - 29 poisoned darts (quivered)
 j - 6 javelins
 o - 4 boomerangs of dispersal
 x - 12 boomerangs
Armour
 b - a +0 scale mail
 c - a +1 kite shield (worn)
 f - a +0 chain mail (worn)
 v - a +0 pair of boots (worn)
Jewellery
 h - a ring of ice
 l - an amulet of guardian spirit (around neck)
 z - a +4 ring of protection
Wands
 m - a wand of paralysis (13)
 t - a wand of iceblast (9)
Scrolls
 p - 2 scrolls of amnesia
 u - 2 scrolls of enchant weapon
 y - a scroll of fear
Potions
 d - 7 potions of might
 g - 2 potions of curing
 i - a potion of resistance
 k - a potion of magic
 n - a potion of brilliance
 q - a potion of mutation {unknown}
 r - 3 potions of heal wounds
 s - 2 potions of flight {unknown}


   Skills:
 - Level 5.0 Fighting
 * Level 11.8 Polearms
 - Level 3.2 Armour
 - Level 3.6 Shields


You had 8 spell levels left.
You didn't know any spells.
Your spell library contained the following spells:

 Spells                   Type           Power      Damage    Failure   Level
 Freeze                   Ice            0%         1d3       100%        1
 Frozen Ramparts          Ice            0%         1d2       100%        3
 Ozocubu's Armour         Ice            0%         N/A       100%        3
 Hailstorm                Conj/Ice       0%         3d3       100%        4
 Metabolic Englaciation   Hex/Ice        0%         N/A       100%        5


Dungeon Overview and Level Annotations

Branches:
Dungeon (11/15)            Temple (1/1) D:6
   Lair: D:8-11         Orc: D:9-12

Altars:
Ashenzari
Gozag
Hepliaklqana
Kikubaaqudgha
Makhleb
Okawaru
Qazlal
Trog
Vehumet
Wu Jian
Zin


Innate Abilities, Weirdness & Mutations

You cannot be hasted, slowed, berserked, paralysed or teleported.
You can dig through walls and to a lower floor.
You have a pair of large antennae on your head. (SInv)
Your four strong arms can wield two-handed weapons with a shield.


Message History

The killer bee stings you but does no damage.
You feel sick. The killer bee completely misses you.
You feel sick. You block the killer bee's attack.
You feel sick. You block the killer bee's attack.
You puncture the killer bee!
The killer bee is severely wounded.
You feel sick.
The killer bee stings you but does no damage.
You block the killer bee's attack.
You miss the killer bee.
The killer bee is severely wounded.
You feel sick.
The killer bee stings you but does no damage.
You miss the killer bee.
The killer bee is severely wounded.
The killer bee stings you.
* * * LOW HITPOINT WARNING * * *
You are more poisoned.
The killer bee poisons you! The killer bee barely misses you.
You puncture the killer bee!
You kill the killer bee!
You feel sick. You block the killer bee's attack.
You puncture the killer bee!
The killer bee is heavily wounded.
You feel sick. You block the killer bee's attack. The killer bee stings you!
* * * LOW HITPOINT WARNING * * *
You are lethally poisoned!
The killer bee poisons you!
You puncture the killer bee!
You kill the killer bee!
* * * LOW HITPOINT WARNING * * *
You feel sick. You block the killer bee's attack.
You closely miss the killer bee.
* * * LOW HITPOINT WARNING * * *
You feel very sick. You block the killer bee's attack.
You puncture the killer bee!
The killer bee is severely wounded.
You die...
Your body crumbles into a pile of gold.

#### #.......# ....
#....!..# .... ... .. ###
#.......# .... ...
...+..##.>.....# .... ....
.............# #### ...
#..........# ## #+
..######...$....# .#
#.#..#.#..#y#..###+# .#
....##.##@##y.# .###
..##.#)[#.##.# ...###
#.##.#..#.##$.......
.....####..##.##.##.........
...#..#....#.#..#.#.........
...##.#.....######..........
...##.'.......# ...........
...####...............[.....
...# ####+####..#######.###


You could see a killer bee.

Vanquished Creatures
  A vampire (D:10)
  An orc warrior (D:5)
  An ice beast (D:5)
  An ogre (D:5)
  A centaur (D:7)
  3 phantoms
  A gnoll sergeant (D:5)
  4 bullfrogs
  5 scorpions
  A wyvern skeleton (D:5)
  5 killer bees (D:10)
  3 wights
  A centaur zombie (D:6)
  2 bullfrog zombies
  A jelly (D:6)
  5 hounds
  An orc priest (D:5)
  A centaur skeleton (D:6)
  4 iguanas
  Ijyb (D:3)
  4 orc wizards
  A killer bee zombie (D:7)
  4 gnolls (D:4)
  3 adders
  A howler monkey skeleton (D:7)
  2 ufetubi
  3 adder skeletons (D:4)
  A worm (D:3)
  3 dart slugs
  13 orcs
  3 endoplasms (D:2)
  2 giant cockroaches (D:2)
  5 hobgoblins
  5 jackals (D:4)
  A quokka (D:4)
  4 ball pythons
  2 bats (D:3)
  6 goblins
  6 kobolds
  2 rats (D:2)
114 creatures vanquished.

Notes
Turn   | Place    | Note
-------+----------+-------------------------------------------
     0 | D:1      | Delamore the Formicid Fighter began the quest for the Orb.
     0 | D:1      | Reached XP level 1. HP: 18/18 MP: 1/1
   199 | D:1      | Found a faded altar of an unknown god.
   306 | D:1      | You fall into a shaft and drop 1 floor!
   405 | D:2      | Reached XP level 2. HP: 24/24 MP: 2/2
  1227 | D:2      | Found a burning altar of Makhleb.
  1254 | D:2      | Reached XP level 3. HP: 30/30 MP: 3/3
  1373 | D:3      | Reached skill level 3 in Polearms
  1463 | D:3      | Noticed Ijyb
  1475 | D:3      | Killed Ijyb
  1476 | D:3      | Reached XP level 4. HP: 37/37 MP: 4/4
  2027 | D:4      | Noticed a phantom
  2239 | D:4      | Killed a phantom
  2240 | D:4      | Reached skill level 4 in Polearms
  2240 | D:4      | Reached XP level 5. HP: 35/43 MP: 5/5
  2472 | D:4      | Reached XP level 6. HP: 48/49 MP: 6/6
  2500 | D:4      | Reached skill level 5 in Polearms
  2582 | D:4      | You fall into a shaft and drop 3 floors!
  2845 | D:6      | Reached skill level 5 in Fighting
  2885 | D:5      | Entered Level 5 of the Dungeon
  2890 | D:5      | Noticed an ice beast
  2905 | D:5      | Killed an ice beast
  2906 | D:5      | Reached skill level 6 in Polearms
  2906 | D:5      | Reached XP level 7. HP: 48/56 MP: 5/7
  3423 | D:4      | Reached skill level 7 in Polearms
  4181 | D:5      | Reached XP level 8. HP: 50/62 MP: 6/8
  4422 | D:5      | Reached skill level 8 in Polearms
  4744 | D:5      | Found an ancient bone altar of Kikubaaqudgha.
  4909 | D:5      | Reached skill level 9 in Polearms
  5907 | D:6      | Found a broken altar of Ashenzari.
  5996 | D:6      | Found a staircase to the Ecumenical Temple.
  6072 | Temple   | Entered the Ecumenical Temple
  6127 | Temple   | Became a worshipper of Gozag Ym Sagoz the Greedy
  6178 | D:5      | Reached skill level 10 in Polearms
  6178 | D:5      | Reached XP level 9. HP: 22/65 MP: 3/9
  7460 | D:7      | Reached skill level 11 in Polearms
  8068 | D:8      | You fall into a shaft and drop 3 floors!
  8140 | D:11     | Noticed a gargoyle
  8167 | D:10     | Entered Level 10 of the Dungeon
  8598 | D:10     | Identified the +3 broad axe of Taxation {pain, rC- Int+3
                  | Dex+4}
  8634 | D:10     | HP: 1/68 [poisoned by a killer bee]
  8635 | D:10     | Succumbed to a killer bee's poison

Illustrated notes

Levels and vault maps discovered:
D:1:      lightli_arrival_isolated_outpost, layout_loops_ring,
          hellmonk_ecumenical_altar_crossroads
D:2:      layout_loops_cross, basic_altar
D:3:      layout_basic, st_stairs_12, grunt_ministairs_15, kennysheep_boxes,
          uniq_ijyb
D:4:      layout_basic, minmay_misc_feat_square
D:5:      layout_basic, kiku_gazebo_pond_becter, hangedman_minor_gate_pass
D:6:      layout_basic, nicolae_ashenzari_skybound,
          minmay_temple_entry_statues_pillars
D:7:      layout_rooms, enter_bailey_5, minmay_increasing_density
D:8:      layout_gridville, kennysheep_little_box, gammafunk_ghost_smash,
          uniq_pikel
D:10:     layout_roguey, minivault_22
D:11:     layout_small_grid, zombieorc2_lemuel
Temple:   dshaligram_water_room_temple

Skill      XL: |  1  2  3  4  5  6  7  8  9 |
---------------+----------------------------+-----
Polearms       | 3 4 6 7 10 11 | 11.8
Fighting       | 4 5 |  5.0
Armour         | |  3.2
Shields        | |  3.6

Action                   |  1- 3 |  4- 6 |  7- 9 || total
-------------------------+-------+-------+-------++-------
Melee: Trident           |    55 |   123 |   397 ||   575
Throw: Dart              |     6 |     3 |       ||     9
 Abil: Dig               |       |       |     3 ||     3
Evoke: Wand              |       |       |     2 ||     2
  Use: Scroll            |     3 |     4 |     9 ||    16
       Potion            |       |       |     2 ||     2
 Stab: Paralysed         |       |       |     2 ||     2
Armor: Chain mail        |    22 |    77 |   122 ||   221
       Scale mail        |     1 |       |       ||     1
Dodge: Dodged            |     8 |    42 |    85 ||   135
Block: Kite shield       |    17 |    66 |   196 ||   279

Table legend: (Time is in decaauts)
 A = Elapsed time spent in this place.
 B = Non-inter-level travel time spent in this place.
 C = Inter-level travel time spent in this place.
 D = Time resting spent in this place.
 E = Time spent auto-exploring this place.
 F = Levels seen in this place.
 G = Mean time per level.
                   A        B        C        D        E       F      G
               +--------+--------+--------+--------+--------+-----+--------+
         Total |   8717 |   8317 |    400 |    807 |   6288 |  11 |  792.5 |
       Dungeon |   8643 |   8274 |    369 |    807 |   6250 |  10 |  864.3 |
        Temple |     74 |     43 |     31 |      0 |     38 |   1 |   74.0 |
               +--------+--------+--------+--------+--------+-----+--------+

Top non-repeatable levels by time:
     D:5: 2221 daAuts
     D:6: 1402 daAuts
     D:7: 1102 daAuts
     D:4: 1099 daAuts
     D:3: 858 daAuts
     D:1: 725 daAuts
     D:2: 666 daAuts
    D:10: 463 daAuts
    D:11: 101 daAuts
  Temple: 74 daAuts
     D:8: 2 daAuts
